 Seeded DCSS version 0.30.1-11-g7821555f0a (webtiles) character file.

Game seed: 8617203140785432855 (custom seed)

16 Psyclone the Conjurer (level 2, 15/15 HPs)
             Began as a Deep Elf Conjurer on Nov 2, 2023.
             Quit the game on level 2 of the Dungeon.
             The game lasted 00:00:49 (138 turns).

Psyclone the Conjurer (Deep Elf Conjurer)            Turns: 138, Time: 00:00:50

Health: 15/15      AC:  4    Str:  3    XL:     2   Next: 37%
Magic:  1/8        EV: 13    Int: 21    God:
Gold:   0          SH:  0    Dex: 17    Spells: 6/7 levels left

rFire   . . .        (no weapon)
rCold   . . .        (no shield)
rNeg    . . .        a - +0 robe
rPois   .            (helmet restricted)
rElec   .            (no cloak)
rCorr   .            e - +0 pair of gloves
SInv    +            d - +0 pair of boots
Will    .....        (no amulet)
Stlth   ++           (no ring)
HPRegen 0.22/turn    (no ring)
MPRegen 0.11/turn

%: no passive effects
@: no status effects
A: horns 1, see invisible, agile 1, evolution 1
a: no special abilities


You were on level 2 of the Dungeon.
You visited 1 branch of the dungeon, and saw 2 of its levels.

Inventory:

Armour
 a - a +0 robe (worn)
 d - a +0 pair of boots (worn)
 e - a +0 pair of gloves (worn)
Potions
 b - a potion of magic
 c - a potion of mutation


   Skills:
 - Level 2.4 Dodging
 - Level 2.4 Stealth
 - Level 3.0 Spellcasting
 + Level 5.1 Conjurations


You had 6 spell levels left.
You knew the following spells:

 Your Spells              Type           Power      Damage    Failure   Level
a - Magic Dart            Conj           96%        1d7       1%          1

Your spell library contained the following spells:

 Spells                   Type           Power      Damage    Failure   Level
 Searing Ray              Conj           48%        2d6       2%          2
 Dazzling Flash           Conj/Hex       28%        N/A       14%         3
 Fulminant Prism          Conj/Hex       7%         3d7       41%         4
 Iskenderun's Mystic Bla  Conj/Tloc      14%        2d5       41%         4


Dungeon Overview and Level Annotations

Branches:
Dungeon (2/15) Zot: 11862

Altars:


Innate Abilities, Weirdness & Mutations

You have a pair of small horns on your head.
You have supernaturally acute eyesight. (SInv)
You are agile. (Dex +4, Str/Int -1)
You have hidden genetic potential.


Message History

Aiming: Magic Dart (safe; 1% risk of failure)
Press: ? - help, Shift-Dir - straight line, f/p - quokka
Aim: a quokka (almost dead, 100% to hit)
The magic dart hits the quokka.
You kill the quokka!
You now have 4/6 mp.
A goblin comes into view. It is wielding a +0 club.
Casting: Magic Dart (safe; 1% risk of failure)
Confirm with . or Enter, or press ? or * to list all spells.
Aiming: Magic Dart (safe; 1% risk of failure)
Press: ? - help, Shift-Dir - straight line, f - adder
Aim: an adder (100% to hit)
The magic dart hits the adder.
The adder is severely wounded.
You now have 3/6 mp.
Casting: Magic Dart (safe; 1% risk of failure)
Confirm with . or Enter, or press ? or * to list all spells.
Aiming: Magic Dart (safe; 1% risk of failure)
Press: ? - help, Shift-Dir - straight line, f/p - adder
Aim: an adder (severely wounded, 100% to hit)
The magic dart hits the adder.
You kill the adder!
The goblin shouts!
Your Conjurations skill increases to level 5!
You have reached level 2!
Health restored: 15 You now have 2/8 mp.
Casting: Magic Dart (safe; 1% risk of failure)
Confirm with . or Enter, or press ? or * to list all spells.
Aiming: Magic Dart (safe; 1% risk of failure)
Press: ? - help, Shift-Dir - straight line, f - goblin
Aim: a goblin, wielding a +0 club (100% to hit)
The magic dart hits the goblin.
You kill the goblin!
You now have 1/8 mp.
You start resting.
You feel a genetic drift.
You feel agile.
Unknown command.
Unknown command.
Are you sure you want to abandon this character and quit the game? (Confirm with "yes".)

#+#+#
###.#@#
#.....#
#####.#
)††.
......
.........
..>.....#
#........#
#######


There were no monsters in sight!

Vanquished Creatures
  An adder (D:2)
  A dart slug (D:1)
  A goblin (D:2)
  A hobgoblin (D:1)
  A quokka (D:2)
5 creatures vanquished.

Notes
Turn   | Place    | Note
-------+----------+-------------------------------------------
     0 | D:1      | Psyclone the Deep Elf Conjurer began the quest for the Orb.
     0 | D:1      | Reached XP level 1. HP: 10/10 MP: 6/6
    79 | D:1      | Gained mutation: You have hidden genetic potential. [potion
                  | of mutation]
    79 | D:1      | Gained mutation: You have a pair of small horns on your
                  | head. [potion of mutation]
    79 | D:1      | Gained mutation: You have supernaturally acute eyesight.
                  | (SInv) [potion of mutation]
   135 | D:2      | Reached skill level 5 in Conjurations
   135 | D:2      | Reached XP level 2. HP: 15/15 MP: 2/8
   137 | D:2      | Gained mutation: You are agile. (Dex +4, Str/Int -1)
                  | [hidden potential]
   138 | D:2      | Quit the game

Illustrated notes

Levels and vault maps discovered:
D:1:      dpeg_arrival_stonehenge_12_columns, layout_basic, serial_shops, shop
D:2:      layout_basic, shapermc_ecumenical_altar_ellora, minivault_25,
          uniq_robin, uniq_terence, uniq_jessica

Skill      XL: |  1 |
---------------+----+-----
Conjurations   | 5 |  5.1
Dodging        | |  2.4
Stealth        | |  2.4
Spellcasting   | |  3.0

Action                     || total
---------------------------++-------
   Cast: Magic Dart        ||     8
    Use: Potion            ||     1
